 Dungeon Crawl Stone Soup version 0.31-a0-237-g2d982f9f85 (webtiles) character file.

Game seed: 15021792020540624840

671 qw the Shooter (level 7, -4/59 HPs)
             Began as a Minotaur Hexslinger on July 11, 2023.
             Killed from afar by an orc wizard (8 damage)
             ... with a puff of flame
             ... on level 5 of the Dungeon.
             The game lasted 00:01:25 (3381 turns).

qw the Shooter (Minotaur Hexslinger)                Turns: 3381, Time: 00:01:26

Health: -4/59      AC: 12    Str: 13    XL:     7   Next: 32%
Magic:  7/7        EV: 11    Int: 10    God:
Gold:   266        SH:  0    Dex: 14    Spells: 7/8 levels left

rFire   . . .        Y - +0 orcbow
rCold   . . .        (shield currently unavailable)
rNeg    . . .        a - quicksilver dragon scales
rPois   .            (helmet restricted)
rElec   .            (no cloak)
rCorr   .            k - +0 pair of gloves
SInv    .            e - +0 pair of boots
Will    +....        (no amulet)
Stlth   +            (no ring)
HPRegen 0.29/turn    (no ring)
MPRegen 0.10/turn

%: no passive effects
@: no status effects
A: horns 2, retaliatory headbutt
a: no special abilities


You were on level 5 of the Dungeon.
You visited 1 branch of the dungeon, and saw 5 of its levels.

You collected 266 gold pieces.


Innate Abilities, Weirdness & Mutations

You have a pair of horns on your head.
You reflexively headbutt those who attack you in melee.


   Skills:
 - Level 4.0 Fighting
 + Level 7.6 Ranged Weapons
 - Level 3.3 Armour
 - Level 2.1 Dodging
 - Level 1.0 Spellcasting
 - Level 2.0 Hexes


You had 7 spell levels left.
You knew the following spells:

 Your Spells              Type           Power      Damage    Failure   Level
a - Slow                  Hex            16%        N/A       30%         1

Your spell library contained the following spells:

 Spells                   Type           Power      Damage    Failure   Level
 Inner Flame              Hex/Fire       2%         N/A       80%         3
 Portal Projectile        Hex/Tloc       4%         N/A       80%         3
 Cause Fear               Hex            2%         N/A       97%         4

Inventory:

Hand Weapons
 Y - a +0 orcbow (weapon)
Armour
 a - quicksilver dragon scales (worn)
 e - a +0 pair of boots (worn)
 k - a +0 pair of gloves (worn)
Scrolls
 l - a scroll of identify
Potions
 f - 3 potions of curing
 i - a potion of enlightenment {unknown}
 j - a potion of might {unknown}

Dungeon Overview and Level Annotations

Branches:
Dungeon (5/15)
 Temple: D:4-7

Altars:
The Shining One


Message History

The water moccasin bites you but does no damage. x2
You shoot an arrow. The arrow hits the water moccasin!
You kill the water moccasin!
You feel sick.
You hear some strange, mumbled words.
A magic dart appears from out of thin air!
The magic dart hits you.
You shoot an arrow. The arrow barely misses the orc. x2
You feel very sick. Something hits you.
You shoot an arrow. The arrow barely misses the orc.
You feel sick. Something hits you but does no damage. The orc misses you.
You furiously retaliate!
You headbutt the orc. The orc hits you but does no damage.
Something hits you but does no damage.
You shoot an arrow. The arrow hits the orc.
The orc is severely wounded.
You feel sick. Something hits you but does no damage.
The orc barely misses you. The orc misses you.
You shoot an arrow. The arrow hits the orc!
You kill the orc!
You feel sick. Something completely misses you. The orc closely misses you.
You furiously retaliate!
You headbutt the orc. The orc closely misses you.
You shoot an arrow. The arrow closely misses the orc.
You feel sick. Something hits you but does no damage.
The orc hits you with a +0 hand axe. The orc barely misses you.
You shoot an arrow. The arrow hits the orc.
The orc is almost dead.
You feel sick.
You are no longer poisoned.
Something hits you. The orc hits you with a +0 dagger.
The orc closely misses you.
You shoot an arrow. The arrow hits the orc!
You kill the orc!
You hear some strange, mumbled words.
A puff of flame appears from out of thin air!
The puff of flame hits you! The orc barely misses you.
You hear some strange, mumbled words.
A puff of flame appears from out of thin air!
The puff of flame hits you!
You die...

. .. .. #. #. ########
#.#).....## #.)@......##
##### $.....{o.......###
#....
..##.............###....
.................##....
..
#..........[..#####...(
.
........................
.
..###.........######....
.# #(.>...<...##.......
#.............##....


You could see an orc.

Vanquished Creatures
  A water moccasin (D:5)
  2 ogres (D:4)
  A scorpion (D:4)
  A jelly (D:4)
  A sleepcap (D:4)
  An iguana (D:4)
  An orc wizard (D:3)
  Robin (D:4)
  11 adders
  A gnoll (D:5)
  An ufetubus (D:4)
  A dart slug (D:4)
  11 orcs
  11 ball pythons
  4 bats
  10 endoplasms
  8 giant cockroaches
  5 hobgoblins
  3 jackals
  4 kobolds
  6 quokkas
  2 frilled lizards
  9 goblins
  11 rats
107 creatures vanquished.

Notes
Turn   | Place    | Note
-------+----------+-------------------------------------------
     0 | D:1      | qw the Minotaur Hexslinger began the quest for the Orb.
     0 | D:1      | Reached XP level 1. HP: 16/16 MP: 1/1
     0 | D:1      | 0 ||| qw: Version: 0.3-a-52-g30416fa
     0 | D:1      | 0 ||| qw: Game counter: 5657
     0 | D:1      | 0 ||| qw: Melee chars always use a shield: true
     0 | D:1      | 0 ||| qw: God list: Okawaru
     0 | D:1      | 0 ||| qw: Allow faded altars: false
     0 | D:1      | 0 ||| qw: Do Orc after clearing Dungeon:15 true
     0 | D:1      | 0 ||| qw: Do second Lair branch before Depths: true
     0 | D:1      | 0 ||| qw: Lair rune preference: random
     0 | D:1      | 0 ||| qw: Goals: Normal
     0 | D:1      | 0 ||| PLANNING D:1-11
   102 | D:1      | Reached skill level 3 in Ranged Weapons
   102 | D:1      | Reached XP level 2. HP: 23/23 MP: 2/2
   888 | D:1      | 888 ||| UPGRADING to +0 ring mail.
   898 | D:1      | 898 ||| DROPPING +0 robe.
   899 | D:1      | 899 ||| UPGRADING to +0 pair of gloves.
   904 | D:1      | 904 ||| READING scroll labelled OSTRETT XICI.
   905 | D:1      | 905 ||| READING scroll labelled WEPUOB ONACADI.
   906 | D:1      | 906 ||| DROPPING scroll of poison.
   986 | D:2      | Reached XP level 3. HP: 29/29 MP: 3/3
  1050 | D:2      | Reached skill level 4 in Ranged Weapons
  1259 | D:2      | Reached skill level 1 in Armour
  1400 | D:2      | 1400 ||| UPGRADING to +0 pair of boots.
  1405 | D:2      | 1405 ||| DROPPING ring of wizardry.
  1406 | D:2      | 1406 ||| READING scroll labelled XAERAOMYUWK.
  1411 | D:2      | 1411 ||| READING scroll labelled DUFAQI AMEK.
  1412 | D:2      | 1412 ||| READING scroll labelled GOUMUOROMYO.
  1413 | D:2      | 1413 ||| DRINKING 2 fuming cyan potions.
  1414 | D:2      | 1414 ||| DRINKING 3 bubbling purple potions.
  1415 | D:2      | 1415 ||| DROPPING potion of magic.
  1446 | D:3      | 1446 ||| SWAPPING to +0 orcbow.
  1447 | D:3      | 1447 ||| DROPPING +1 sling of freezing.
  1496 | D:3      | Found a glowing golden altar of the Shining One.
  1637 | D:3      | Reached XP level 4. HP: 36/36 MP: 4/4
  1695 | D:3      | Identified the +0 ring mail of True Grit {Str+3}
  1782 | D:3      | Reached skill level 5 in Ranged Weapons
  2245 | D:3      | 2245 ||| UPGRADING to +0 ring mail of True Grit {Str+3}.
  2255 | D:3      | 2255 ||| DROPPING +0 ring mail.
  2256 | D:3      | 2256 ||| READING scroll labelled YKACIE ZOLL.
  2375 | D:4      | Noticed Robin
  2388 | D:4      | Killed Robin
  2389 | D:4      | Reached skill level 3 in Fighting
  2389 | D:4      | Reached XP level 5. HP: 39/45 MP: 5/5
  2508 | D:4      | Identified the +0 scale mail of Reason {Drain rN++}
  2548 | D:4      | Reached skill level 6 in Ranged Weapons
  2687 | D:4      | Reached XP level 6. HP: 48/52 MP: 6/6
  2909 | D:4      | Reached skill level 7 in Ranged Weapons
  3073 | D:4      | 3073 ||| UPGRADING to quicksilver dragon scales.
  3083 | D:4      | 3083 ||| DROPPING +0 ring mail of True Grit {Str+3}.
  3084 | D:4      | 3084 ||| READING 2 scrolls of identify.
  3084 | D:4      | 3084 ||| IDENTIFYING glowing golden potion
  3085 | D:4      | 3085 ||| DROPPING potion of brilliance.
  3110 | D:5      | Entered Level 5 of the Dungeon
  3122 | D:5      | 3122 ||| STAIRDANCE
  3122 | D:5      | HP: 8/52 [ogre/+0 giant spiked club (30)]
  3124 | D:4      | 3124 ||| READING scroll of teleportation.
  3129 | D:4      | Reached skill level 3 in Armour
  3129 | D:4      | Reached XP level 7. HP: 11/59 MP: 7/7
  3380 | D:5      | HP: 14/59 [poisoned by a water moccasin]
  3381 | D:5      | HP: 4/59 [something/puff of flame (7)]
  3381 | D:5      | Killed from afar by an orc wizard

Levels and vault maps discovered:
D:1:      matt_arrival_grand_opening, layout_loops_ring,
          minmay_misc_feat_four_crosses, roderic_lattice_a
D:2:      minmay_inner_zag, layout_rooms
D:3:      layout_basic, amcnicky_altar_gilded
D:4:      layout_basic, minmay_unequal, uniq_robin
D:5:      layout_rooms, grunt_gozag_statues, kennysheep_doodads

Skill      XL: |  1  2  3  4  5  6 |
---------------+-------------------+-----
Ranged Weapons | 3 4 5 6 7 |  7.6
Fighting       | 2 3 4 |  4.0
Armour         | 1 3 |  3.3
Dodging        | |  2.1
Spellcasting   | |  1.0
Hexes          | |  2.0

Action                     |  1- 3 |  4- 6 |  7- 9 || total
---------------------------+-------+-------+-------++-------
   Fire: Sling             |   114 |       |       ||   114
         Orcbow            |    19 |   156 |    29 ||   204
    Use: Scroll            |     5 |     3 |       ||     8
         Potion            |     2 |       |       ||     2
 Armour: Robe              |     5 |       |       ||     5
         Ring mail         |    11 |    28 |       ||    39
         Quicksilver drago |       |     3 |    14 ||    17
  Dodge: Dodged            |    30 |    59 |    12 ||   101

Table legend:
 A = Non-vault XP
 B = Vault XP
 C = Vault XP percentage of total XP
 D = Non-vault monster count
 E = Vault monster count
 F = Vault count percentage of total count
                 A         B        C        D         E       F
            +---------+---------+-------+---------+---------+-------
      Total |     798 |     164 |  17.0 |      88 |      19 |  17.8
            +---------+---------+-------+---------+---------+-------
        D:1 |      34 |       0 |   0.0 |      21 |       0 |   0.0
        D:2 |      34 |      10 |  22.7 |      13 |       6 |  31.6
        D:3 |      81 |       0 |   0.0 |      19 |       0 |   0.0
        D:4 |     456 |     154 |  25.2 |      28 |      13 |  31.7
        D:5 |     193 |       0 |   0.0 |       7 |       0 |   0.0
            +---------+---------+-------+---------+---------+-------
